 Dungeon Crawl Stone Soup version 0.24-a0-157-g36218c0 (webtiles) character file.

Game seed: 14282331721326429629

2123 TheGoonsmith the Frost Mage (level 9, -7/65 HPs)
             Began as a Barachi Ice Elementalist on Mar 4, 2019.
             Was a Believer of Sif Muna.
             Mangled by an orc warrior
             ... wielding a +0 war axe
              (25 damage)
             ... in a bailey.
             The game lasted 00:15:46 (6980 turns).

TheGoonsmith the Frost Mage (BaIE)                  Turns: 6980, Time: 00:15:46

Health: -7/65      AC: 14    Str: 11    XL:     9   Next: 29%
Magic:  0/16       EV: 13    Int: 17    God:    Sif Muna [**....]
Gold:   283        SH:  6    Dex: 13    Spells: 6/18 levels left

rFire    + . .     SeeInvis .   p - +1 long sword
rCold    + . .     Gourm    .   k - +1 buckler
rNeg     . . .     Faith    .   a - +0 robe
rPois    .         Spirit   .   n - +2 helmet
rElec    .         Reflect  .   t - scarf {rC+ rF+}
rCorr    .         Harm     .   B - +2 pair of gloves (curse)
MR       +....                  (no boots)
Stlth    ++........             (no amulet)
HPRegen  0.20/turn              m - ring of protection from magic
MPRegen  0.15/turn              j - ring of flight

@: icy armour, divine energy, slow
A: +LOS, swims, slowness 1, strong legs 1
a: Hop, Stop Divine Energy, Renounce Religion, Evoke Flight


You were in a bailey.
You worshipped Sif Muna.
Sif Muna was pleased with you.
You were near starving.

You visited 2 branches of the dungeon, and saw 8 of its levels.
You also visited: Bailey.

You collected 283 gold pieces.

Inventory:

Hand Weapons
 e - a +0 whip
 p - a +1 long sword (weapon)
Armour
 a - a +0 robe (worn)
 k - a +1 buckler (worn)
 n - a +2 helmet (worn)
 t - a scarf of resistance (worn)
 B - a cursed +2 pair of gloves (worn)
Jewellery
 h - an uncursed ring of see invisible
 j - a ring of flight (right hand)
 m - a ring of protection from magic (left hand)
 u - an uncursed ring of see invisible
Wands
 v - a wand of paralysis (11)
 A - a wand of flame (19)
Scrolls
 b - 2 scrolls of immolation
 d - a scroll of magic mapping
 s - a scroll of enchant weapon
 w - 2 scrolls of remove curse
 y - a scroll of identify
Potions
 f - a potion of lignification
 i - 3 potions of brilliance
 l - 3 potions of resistance
 o - a potion of haste {unknown}
 q - a potion of flight
 r - a potion of invisibility {unknown}
 x - a potion of mutation {unknown}
 z - a potion of curing
Miscellaneous
 g - a box of beasts
Comestibles
 c - 9 rations


   Skills:
 - Level 4.1 Fighting
 - Level 4.0 Long Blades
 - Level 3.0 Dodging
 - Level 1.7 Stealth
 - Level 4.0 Shields
 - Level 5.1 Spellcasting
 - Level 1.1 Conjurations
 - Level 2.0 Charms
 + Level 4.9 Summonings
 - Level 2.1 Translocations
 - Level 9.1 Ice Magic


You had 6 spell levels left.
You knew the following spells:

 Your Spells              Type           Power        Failure   Level  Hunger
a - Freeze                Ice            ####         1%          1    None
b - Throw Frost           Conj/Ice       ###...       2%          2    #......
c - Ozocubu's Armour      Chrm/Ice       ###.....     4%          3    ###....
e - Blink                 Tloc           N/A          9%          2    #......
z - Summon Ice Beast      Ice/Summ       ####....     8%          4    ####...

Your spell library contained the following spells:

 Spells                   Type           Power        Failure   Level  Hunger
 Call Imp                 Summ           ###.....     2%          2    #......
 Magic Dart               Conj           #...         9%          1    None
 Shock                    Conj/Air       #...         12%         1    None
 Beastly Appendage        Tmut           #.....       14%         1    None
 Swiftness                Chrm/Air       #.......     14%         2    #......
 Throw Icicle             Conj/Ice       ###.....     17%         4    ####...
 Slow                     Hex            #.......     22%         2    #......
 Sticks to Snakes         Tmut           #.......     22%         2    #......
 Ice Form                 Ice/Tmut       ###.....     22%         4    ####...
 Conjure Flame            Conj/Fire      #.......     34%         3    ###....
 Static Discharge         Conj/Air       #.......     34%         3    ###....
 Mephitic Cloud           Conj/Pois/Air  #.......     36%         3    ###....
 Spider Form              Tmut/Pois      #.........   38%         3    ###....
 Airstrike                Air            #.........   80%         4    ####...
 Lightning Bolt           Conj/Air       #.........   97%         5    ######.
 Blade Hands              Tmut           #.........   98%         5    ######.


Dungeon Overview and Level Annotations

Branches:
Dungeon (7/15)             Temple (1/1) D:5

Altars:
Ashenzari
Dithmenos
Elyvilon
Fedhas
Gozag
Kikubaaqudgha
Makhleb
Nemelex Xobeh
Qazlal
Ru
Sif Muna
Trog
Uskayaw
Wu Jian
Xom
Zin
The Shining One


Innate Abilities, Weirdness & Mutations

Shadows flee at your approach. (+LOS)
You can swim through water.
You cover ground slowly.
You can hop short distances.


Message History

The orc knight hits your ice beast with a +0 war axe.
You miss the orc knight.
The orc knight is heavily wounded.
Your ice beast hits the orc knight but does no damage.
The orc knight hits you with a +0 war axe!
The orc knight hits your ice beast with a +0 war axe.
Unknown command.
You hit the orc knight but do no damage.
The orc knight is heavily wounded.
The orc warrior hits you with a +0 war axe.
* * * LOW HITPOINT WARNING * * *
Your ice beast closely misses the orc knight.
You block the orc knight's attack.
The orc knight hits your ice beast with a +0 war axe!
Unknown command.
You hit the orc knight but do no damage.
The orc knight is heavily wounded.
Your ice beast barely misses the orc knight.
The orc warrior hits you with a +0 war axe!!
You die...

###.%%...%).###
.............
........... .........
....... ..... )).
###o### ##.o@..##
#.Y.8...# #∩.....∩#
##.....## ####'')####
##≈.......≈##
###≈≈.......≈≈#####
.'≈≈.......≈≈'.'^#
#.###≈≈.......≈≈###.#


You could see an orc knight, an orc warrior and a friendly ice beast.

Vanquished Creatures
  Pikel (D:6)
  Prince Ribbit (D:5)
  An orc warrior (Bailey)
  2 black bears (D:7)
  A phantom (D:6)
  An ogre (D:4)
  Blork the orc (D:6)
  A bullfrog (D:7)
  2 scorpions
  3 water moccasin skeletons (D:4)
  A crimson imp (D:5)
  2 bullfrog zombies (D:5)
  An orc priest (D:6)
  A centaur skeleton (D:4)
  A jelly (D:5)
  Terence (D:3)
  3 worker ants
  A killer bee zombie (D:7)
  A worker ant zombie (D:5)
  2 howler monkey zombies
  4 gnolls (D:4)
  12 adders
  A shadow imp (D:6)
  2 adder zombies
  An adder skeleton (D:5)
  4 worms
  A dart slug (D:1)
  2 leopard geckos
  9 orcs
  4 giant cockroaches
  7 hobgoblins
  An iguana (D:5)
  3 jackals (D:1)
  16 kobolds
  2 ball pythons (D:1)
  9 bats
  4 frilled lizards
  10 goblins
  2 jackal zombies (D:5)
  2 leopard gecko skeletons
  A leopard gecko zombie (D:6)
  11 rats
136 creatures vanquished.

Vanquished Creatures (collateral kills)
  A gnoll (Bailey)
  An orc (Bailey)
  9 kobolds (Bailey)
11 creatures vanquished.

Vanquished Creatures (others)
  Eustachio (D:6)
  An ogre (D:6)
  A scorpion (D:6)
  A worker ant (D:6)
  An adder zombie (D:6)
5 creatures vanquished.

Grand Total: 152 creatures vanquished

Notes
Turn   | Place    | Note
-------+----------+-------------------------------------------
     0 | D:1      | TheGoonsmith the Barachi Ice Elementalist began the quest
                  | for the Orb.
     0 | D:1      | Reached XP level 1. HP: 13/13 MP: 3/3
   265 | D:1      | Reached XP level 2. HP: 17/19 MP: 0/5
   528 | D:1      | Reached skill level 4 in Ice Magic
   793 | D:1      | Reached XP level 3. HP: 24/24 MP: 5/7
  1381 | D:2      | Reached XP level 4. HP: 28/30 MP: 3/8
  1537 | D:2      | Learned a level 2 spell: Throw Frost
  1541 | D:2      | Learned a level 3 spell: Ozocubu's Armour
  1857 | D:2      | Found a shattered altar of Ashenzari.
  2261 | D:2      | Reached skill level 5 in Ice Magic
  2584 | D:3      | Reached skill level 1 in Shields
  2584 | D:3      | Reached XP level 5. HP: 28/35 MP: 6/10
  2627 | D:3      | Noticed Terence
  2710 | D:3      | Killed Terence
  3577 | D:4      | Noticed an ogre
  3588 | D:4      | Killed an ogre
  3588 | D:4      | Reached XP level 6. HP: 4/41 MP: 0/12
  4294 | D:4      | Reached skill level 1 in Long Blades
  4643 | D:4      | Reached XP level 7. HP: 39/46 MP: 8/13
  4741 | D:4      | Reached skill level 1 in Charms
  4937 | D:5      | Entered Level 5 of the Dungeon
  4937 | D:5      | Found a staircase to the Ecumenical Temple.
  4947 | Temple   | Entered the Ecumenical Temple
  4951 | Temple   | Became a worshipper of Sif Muna the Loreminder
  5064 | D:5      | Found a shimmering altar of Xom.
  5165 | D:5      | Noticed Prince Ribbit
  5203 | D:5      | Reached skill level 1 in Fighting
  5402 | D:5      | Killed Prince Ribbit
  5402 | D:5      | Reached skill level 5 in Spellcasting
  5402 | D:5      | Reached XP level 8. HP: 51/57 MP: 3/15
  5505 | D:6      | Found a shimmering altar of Xom.
  5524 | D:6      | Reached skill level 6 in Ice Magic
  5590 | D:6      | Reached * piety under Sif Muna
  5749 | D:6      | Noticed Pikel
  5750 | D:6      | Found a burning altar of Makhleb.
  5763 | D:6      | Killed Pikel
  5763 | D:6      | Reached skill level 9 in Ice Magic
  5769 | D:6      | Learned a level 4 spell: Summon Ice Beast
  5834 | D:6      | Found a glowing silver altar of Zin.
  5834 | D:6      | Noticed a balrug
  5835 | D:6      | Noticed an angel
  5912 | D:6      | Noticed Eustachio
  5957 | D:6      | Killed Eustachio
  5957 | D:6      | Reached skill level 1 in Summonings
  6197 | D:6      | Found an ancient bone altar of Kikubaaqudgha.
  6202 | D:6      | Found a shadowy altar of Dithmenos.
  6202 | D:6      | Found a sparkling altar of Nemelex Xobeh.
  6202 | D:6      | Found an opulent altar of Gozag.
  6278 | D:6      | Noticed Blork the orc
  6283 | D:6      | Killed Blork the orc
  6283 | D:6      | Reached XP level 9. HP: 53/65 MP: 7/16
  6342 | D:6      | Learned a level 2 spell: Blink
  6510 | D:7      | Reached skill level 1 in Translocations
  6611 | D:7      | Reached ** piety under Sif Muna
  6637 | D:7      | Found a flagged portal.
  6668 | Bailey   | Entered a bailey
  6959 | Bailey   | Noticed an orc knight
  6980 | Bailey   | Mangled by an orc warrior

Levels and vault maps discovered:
D:1:      elethiomel_arrival_diamonds, layout_loops_cross,
          minmay_misc_feat_ornament, minmay_tromino_i2
D:2:      layout_loops_ring, evilmike_ruin_ashenzari, first_ration
D:3:      layout_basic, uniq_terence
D:4:      layout_gridville
D:5:      layout_rooms, minmay_temple_entry_stoned_glass, serial_undead,
          serial_undead_a, serial_undead_e, serial_undead_f, serial_undead_b,
          dk_xom_monty_hall, uniq_prince_ribbit1
D:6:      layout_basic, grunt_temple_overflow_order_and_chaos_2,
          chequers_temple_overflow_statue_of_worship, basic_altar,
          uniq_blork_the_orc, uniq_pikel, uniq_eustachio
D:7:      layout_basic, enter_bailey_2
Temple:   nicolae_temple_x_marks_the_god
Bailey:   bailey_axe_3, bailey

Skill      XL: |  1  2  3  4  5  6  7  8  9 |
---------------+----------------------------+-----
Ice Magic      | 4 5 9 |  9.1
Dodging        | 3 |  3.0
Spellcasting   | 3 4 5 |  5.1
Shields        | 1 2 4 |  4.0
Long Blades    | 3 4 |  4.0
Charms         | 2 |  2.0
Fighting       | 2 3 4 |  4.1
Summonings     | 2 4 |  4.9
Translocations | 2 |  2.1
Stealth        | |  1.7
Conjurations   | |  1.1

Action                   |  1- 3 |  4- 6 |  7- 9 || total
-------------------------+-------+-------+-------++-------
Melee: Unarmed           |    29 |       |       ||    29
       Whip              |     9 |     1 |       ||    10
       Long sword        |       |    56 |   144 ||   200
 Cast: Freeze            |    63 |    79 |    68 ||   210
       Ozocubu's Armour  |       |     4 |    11 ||    15
       Throw Frost       |       |       |    24 ||    24
       Summon Ice Beast  |       |       |     9 ||     9
Invok: Divine Energy     |       |       |     1 ||     1
  Use: Scroll            |       |     7 |    10 ||    17
       Potion            |       |     2 |       ||     2
 Stab: Sleeping          |       |       |     1 ||     1
  Eat: Chunk             |     2 |     3 |     2 ||     7
       Ration            |       |     3 |     2 ||     5
Armor: Robe              |    14 |    19 |    68 ||   101
Dodge: Dodged            |    69 |    74 |   168 ||   311
Block: Buckler           |       |    20 |    82 ||   102
       Rpst.: Long sword |       |    24 |    44 ||    68

Table legend:
 A = Non-vault XP
 B = Vault XP
 C = Vault XP percentage of total XP
 D = Non-vault monster count
 E = Vault monster count
 F = Vault count percentage of total count
                 A         B        C        D         E       F
            +---------+---------+-------+---------+---------+-------
      Total |    1611 |    1422 |  46.9 |     111 |      37 |  25.0
            +---------+---------+-------+---------+---------+-------
        D:1 |      70 |       9 |  11.4 |      37 |       8 |  17.8
        D:2 |      70 |       0 |   0.0 |      18 |       0 |   0.0
        D:3 |      48 |      36 |  42.9 |       9 |       1 |  10.0
        D:4 |     581 |       0 |   0.0 |      17 |       0 |   0.0
        D:5 |      66 |     428 |  86.6 |       2 |      11 |  84.6
        D:6 |     254 |     796 |  75.8 |      12 |       3 |  20.0
        D:7 |     522 |       0 |   0.0 |      16 |       0 |   0.0
     Bailey |       0 |     153 | 100.0 |       0 |      14 | 100.0
            +---------+---------+-------+---------+---------+-------
